 Dungeon Crawl Stone Soup version 0.19-a0-1268-g6c5d9f8 (webtiles) character file.

3052 Jivvin the Nimble (level 9, -4/80 HPs)
             Began as a Troll Monk on Aug 29, 2016.
             Slain by an eight-headed hydra (15 damage)
             ... on level 1 of the Lair of Beasts.
             The game lasted 00:06:03 (4965 turns).

Jivvin the Nimble (Troll Monk)                      Turns: 4965, Time: 00:06:03

Health: -4/80      AC:  8    Str: 21    XL:     9   Next: 57%
Magic:  8/8        EV: 15    Int:  6    God:
Gold:   430        SH:  0    Dex: 15    Spells: 0 memorised, 8 levels left

rFire  . . .     SeeInvis +       - Unarmed
rCold  . . .     Gourm    +     a - +2 robe
rNeg   . . .     Faith    .     (no shield)
rPois  .         Spirit   .     (helmet restricted)
rElec  .         Dismiss  .     g - +0 cloak
rCorr  .         Reflect  .     (gloves unavailable)
MR     +....     Harm     .     (boots unavailable)
Stlth  ++........               (no amulet)
                                r - ring of protection from magic
                                d - ring of see invisible

@: no status effects
A: unfitting armour, claws 3, fast metabolism 3, gourmand, regeneration 1,
shaggy fur 1, tough skin 2
a: no special abilities


You were on level 1 of the Lair of Beasts.
You were very full.

You visited 3 branches of the dungeon, and saw 11 of its levels.

You collected 430 gold pieces.

Inventory:

Armour
 a - a +2 robe (worn)
 g - a +0 cloak (worn)
Jewellery
 d - a ring of see invisible (left claw)
 r - a ring of protection from magic (right claw)
 s - an uncursed ring of ice
Wands
 c - a wand of acid (0/15)
 v - a wand of polymorph (21/24)
Scrolls
 h - 4 scrolls of teleportation
 j - a scroll of holy word {unknown}
 m - 4 scrolls of remove curse
 n - 3 scrolls of amnesia
 q - a scroll of fear
Books
 u - a book of Burglary

   Spells                             Type                      Level
   a - Swiftness                      Charms/Air                   2
   b - Passwall                       Transmutation/Earth          2
   c - Passage of Golubria            Translocation                4
   d - Lee's Rapid Deconstruction     Earth                        5
   e - Darkness                       Hexes                        6
   f - Invisibility                   Hexes                        6
Comestibles
 b - 6 bread rations
 f - 2 slices of pizza
 k - a meat ration
 l - 7 fruits
 t - 6 beef jerkies


   Skills:
 - Level 2.5 Fighting
 * Level 9.2 Dodging
 - Level 1.1 Stealth
 + Level 9.0 Unarmed Combat


You had 8 spell levels left.
You didn't know any spells.

Dungeon Overview and Level Annotations

Branches:
Dungeon (9/15)             Temple (1/1) D:7            Lair (1/6) D:8
    Orc: D:9-12

Altars:
Nemelex Xobeh
Zin

Shops:
D:5 [   D:7 (

Annotations:
D:5 SkyDiva's ghost, novice HuFi


Innate Abilities, Weirdness & Mutations

You are too large for most types of armour.
You have claws for hands.
Your metabolism is lightning-fast.
You like to eat raw meat.
Your natural rate of healing is unusually fast.
You are covered in fur. (AC +1)
You have very tough skin. (AC +2)


Message History

The seven-headed hydra bites you.
* * * LOW HITPOINT WARNING * * *
The seven-headed hydra bites you!
* * * LOW HITPOINT WARNING * * *
The seven-headed hydra bites you but does no damage.
The seven-headed hydra closely misses you.
The seven-headed hydra completely misses you.
The seven-headed hydra bites you but does no damage.
The seven-headed hydra barely misses you.
You claw one of the seven-headed hydra's heads off!
The six-headed hydra grows two more!
You mangle the eight-headed hydra!!
The eight-headed hydra is moderately wounded.
The eight-headed hydra closely misses you.
The eight-headed hydra bites you but does no damage.
The eight-headed hydra barely misses you.
The eight-headed hydra bites you but does no damage.
The eight-headed hydra bites you.
* * * LOW HITPOINT WARNING * * *
The eight-headed hydra misses you. The eight-headed hydra bites you!
You die...

................
...............##
......#.........#.
.................#
..................
..................
..................
..................
.........@.(......
.........D........
.......#....P#.###
........#.<.....#
..##...#....###.#
#..........# #
...!.......#
.#.......##
...##.....


You could see an eight-headed hydra.

Vanquished Creatures
  3 yaks (D:8)
  A hungry ghost (D:8)
  A water moccasin (D:8)
  2 orc warriors (D:8)
  A sky beast (D:7)
  A phantom (D:8)
  4 centaurs
  3 crocodiles (D:8)
  2 ogres
  4 giant frogs
  A scorpion (D:8)
  5 killer bees (D:8)
  A howler monkey (D:4)
  2 crimson imps (D:7)
  A centaur zombie (D:5)
  A quasit (D:7)
  A hound (D:5)
  3 orc priests
  A giant frog skeleton (D:7)
  5 orc wizards
  A centaur skeleton (D:6)
  An iguana (D:4)
  4 worker ants
  A worker ant zombie (D:6)
  A gnoll (D:4)
  8 adders
  A howler monkey skeleton (D:4)
  2 river rats (D:8)
  3 oozes
  An adder skeleton (D:7)
  2 worms
  A dart slug (D:1)
  4 giant geckos
  14 orcs
  2 giant cockroaches
  4 goblins
  5 hobgoblins
  5 jackals
  2 quokkas
  8 bats
  A giant newt (D:1)
  A quokka skeleton (D:8)
  13 rats
128 creatures vanquished.

Vanquished Creatures (others)
  21 fungi (D:8)
  7 plants (D:8)
28 creatures vanquished.

Grand Total: 156 creatures vanquished

Notes
Turn   | Place    | Note
-------+----------+-------------------------------------------
     0 | D:1      | Jivvin the Troll Monk began the quest for the Orb.
     0 | D:1      | Reached XP level 1. HP: 22/22 MP: 0/0
   189 | D:1      | Reached XP level 2. HP: 27/29 MP: 1/1
   611 | D:4      | Noticed an ogre
   619 | D:3      | Killed an ogre
   619 | D:3      | Reached skill level 5 in Unarmed Combat
   619 | D:3      | Reached XP level 3. HP: 21/36 MP: 2/2
   619 | D:3      | Reached XP level 4. HP: 25/44 MP: 3/3
   782 | D:3      | Reached XP level 5. HP: 41/50 MP: 4/4
   964 | D:5      | Entered Level 5 of the Dungeon
  1046 | D:5      | Found Paodeos's Antique Armour Shoppe.
  1052 | D:5      | Noticed SkyDiva's ghost (novice HuFi)
  1100 | D:4      | Reached XP level 6. HP: 41/59 MP: 5/5
  2491 | D:5      | Reached XP level 7. HP: 65/66 MP: 6/6
  2783 | D:6      | Reached skill level 5 in Dodging
  3475 | D:7      | Found a staircase to the Ecumenical Temple.
  3501 | Temple   | Entered the Ecumenical Temple
  3556 | D:7      | Reached XP level 8. HP: 67/74 MP: 7/7
  3813 | D:7      | Found Jusea's Antique Weapon Boutique.
  4416 | D:8      | Reached XP level 9. HP: 31/80 MP: 8/8
  4931 | D:8      | Found a staircase to the Lair.
  4940 | Lair:1   | Entered Level 1 of the Lair of Beasts
  4940 | Lair:1   | Noticed a four-headed hydra
  4965 | Lair:1   | Slain by an eight-headed hydra

Vault maps used:
D:1:      ncdulo_wetmaze
D:2:      first_bread
D:5:      serial_shops, shop
D:6:      grunt_decor_mini_mirrors, kennysheep_generic_room_13
D:7:      serial_shops, nicolae_shop_window_shopping, grunt_ogre_cave
D:8:      grunt_lair_entry_orc_guard_hut, uniq_psyche
D:9:      minivault_25_ag
Temple:   roderic_octagonal_lattice_temple
Lair:1:   portal_ice_cave_entry_pillars_1, minivault_26

Skill      XL: |  1  2  3  4  5  6  7  8  9 |
---------------+----------------------------+-----
Unarmed Combat | 5 6 7 8 9 |  9.0
Dodging        | 3 4 6 7 9 |  9.2
Fighting       | |  2.5
Stealth        | |  1.1

Action                   |  1- 3 |  4- 6 |  7- 9 || total
-------------------------+-------+-------+-------++-------
Melee: Unarmed           |    49 |   112 |   308 ||   469
       Punch             |       |       |    14 ||    14
Evoke: Wand              |       |       |     3 ||     3
  Use: Potion            |       |     1 |     7 ||     8
       Scroll            |       |     6 |     7 ||    13
 Stab: Sleeping          |     1 |     2 |       ||     3
       Invisible         |       |       |     3 ||     3
  Eat: Chunk             |     3 |    16 |    32 ||    51
       Bread ration      |     1 |       |     1 ||     2
Armor: Robe              |    16 |    28 |    95 ||   139
       Skin              |       |       |    32 ||    32
Dodge: Dodged            |    18 |    49 |   205 ||   272
